 Dungeon Crawl Stone Soup version 0.29.1-12-g30fa7ad0bf (webtiles) character file.

Game seed: 7186637728808363821

42 concernfroge the Trooper (level 3, 0/31 HPs)
             Began as a Mummy Monk on Dec 17, 2022.
             Slain by Terence
             ... wielding a +4 short sword
              (1 damage)
             ... on level 2 of the Dungeon.
             The game lasted 00:03:42 (1358 turns).

concernfroge the Trooper (Mummy Monk)               Turns: 1358, Time: 00:03:42

Health: 0/31       AC:  8    Str: 16    XL:     3   Next: 33%
Magic:  3/3        EV:  7    Int:  9    God:
Gold:   85         SH:  0    Dex: 14    Spells: 2/2 levels left

rFire   x . .      SeeInvis .   a - +0 spear
rCold   + . .      Faith    .   (no shield)
rNeg    + + +      Spirit   .   d - +0 chain mail
rPois   ∞          Reflect  .   (no helmet)
rElec   .          Harm     .   (no cloak)
rCorr   +          Rampage  .   (no gloves)
Will    .....                   (no boots)
Stlth   ..........              (no amulet)
HPRegen 0.10/turn               g - ring of resist corrosion
MPRegen 0.08/turn               (no ring)

@: no status effects
A: cold resistance 1, negative energy resistance 3, torment resistance 2, heat
vulnerability 1, in touch with death 1, no potions
a: no special abilities


You were on level 2 of the Dungeon.
You visited 1 branch of the dungeon, and saw 2 of its levels.

You collected 85 gold pieces.

Inventory:

Hand Weapons
 a - a +0 spear (weapon)
Missiles
 c - 26 stones (quivered)
Armour
 d - a +0 chain mail (worn)
Jewellery
 g - a ring of resist corrosion (left hand)
Scrolls
 f - a scroll of silence


   Skills:
 + Level 4.4 Fighting
 - Level 2.4 Polearms
 - Level 2.4 Dodging
 - Level 1.5 Stealth


You had 2 spell levels left.
You didn't know any spells.
Your spell library contained the following spells:

 Spells                   Type           Power      Damage    Failure   Level
 Magic Dart               Conj           0%         1d3       100%        1
 Searing Ray              Conj           0%         2d4       100%        2
 Fulminant Prism          Conj/Hex       0%         3d6       100%        4


Dungeon Overview and Level Annotations

Branches:
Dungeon (2/15)

Altars:

Annotations:
D:2 Terence


Innate Abilities, Weirdness & Mutations

You are immune to poison.
Your flesh is cold resistant. (rC+)
You are immune to negative energy. (rN+++)
You are immune to unholy pain and torment.
You are vulnerable to heat. (rF-)
You are in touch with the powers of death.
You do not drink.


Message History

You hit Terence but do no damage.
Terence is almost dead.
Terence hits you with a +4 short sword.
You hit Terence but do no damage.
Terence is almost dead.
Terence looks scornfully at you. Terence hits you with a +4 short sword.
You closely miss Terence.
Terence is almost dead.
Terence hits you but does no damage.
You hit Terence but do no damage.
Terence is almost dead.
Terence hits you with a +4 short sword.
You closely miss Terence.
Terence is almost dead.
Terence hits you but does no damage. Terence attacks as you move away!
Terence barely misses you. Terence attacks as you move away!
Terence hits you with a +4 short sword. Terence attacks as you move away!
Terence hits you with a +4 short sword.
This is a scroll of acquirement!
Something appears at your feet!
Terence shouts, "Get ready for death!"
Terence hits you but does no damage.
Okay, then.
There is a stone staircase leading up here.
Terence hits you with a +4 short sword!
* * * LOW HITPOINT WARNING * * *
You climb upwards.
There is a stone staircase leading down here.
Terence hits you with a +4 short sword.
* * * LOW HITPOINT WARNING * * *
You climb downwards.
There is a stone staircase leading up here.
Terence shouts, "Get ready for death!"
You see here 509 gold pieces.
Terence attacks as you move away! Terence misses you.
Terence attacks as you move away! Terence hits you with a +4 short sword.
* * * LOW HITPOINT WARNING * * *
Terence attacks as you move away! Terence hits you with a +4 short sword.
You die...

#...........##.#####
#.##^#..#####.#
#.......#####.#
####.##.......###
#.##########.##
#.#.## ##...##
#..#.#####<....##
#.#..@..$..$....#
#...@#####.....##
.......## ##...##
##.....# #.##
##...## .# ##.## .#
#.# .. #.


You could see Terence (inner flame).

Vanquished Creatures
  2 worms (D:2)
  A dart slug (D:1)
  A ball python (D:2)
  3 endoplasms (D:1)
  A giant cockroach (D:1)
  3 goblins
  3 hobgoblins
  5 jackals
  A quokka (D:1)
  3 bats (D:1)
  2 frilled lizards (D:1)
  3 kobolds
  2 rats (D:1)
30 creatures vanquished.

Notes
Turn   | Place    | Note
-------+----------+-------------------------------------------
     0 | D:1      | concernfroge the Mummy Monk began the quest for the Orb.
     0 | D:1      | Reached XP level 1. HP: 18/18 MP: 1/1
   371 | D:1      | Reached XP level 2. HP: 22/25 MP: 2/2
   599 | D:1      | Reached skill level 4 in Fighting
   831 | D:1      | You fall into a shaft and drop 1 floor!
   872 | D:2      | Gained mutation: You are in touch with the powers of death.
                  | [Mummy growth]
   872 | D:2      | Reached XP level 3. HP: 22/30 MP: 3/3
  1331 | D:2      | Noticed Terence
  1345 | D:2      | Identified a scroll of acquirement
  1345 | D:2      | Acquired 509 gold pieces
  1357 | D:2      | HP: 1/31 [Terence/+4 short sword (4)]
  1358 | D:2      | Slain by Terence

Illustrated notes

Levels and vault maps discovered:
D:1:      matt_arrival_grand_opening, layout_basic
D:2:      layout_loops_corners, hellmonk_ecumenical_altar_inner_sanctum,
          uniq_terence

Skill      XL: |  1  2 |
---------------+-------+-----
Fighting       | 4 |  4.4
Polearms       | |  2.4
Dodging        | |  2.4
Stealth        | |  1.5

Action                   || total
-------------------------++-------
Melee: Spear             ||   131
       Punch             ||     1
Throw: Stone             ||    12
  Use: Scroll            ||     4
Armor: Chain mail        ||    57
Dodge: Dodged            ||    26
